| TOP OF THE 1ST |
|
New York Yankees batting - Pitching for Montreal Expos : RHP Jim Averette
|
|
Pitching: RHP Jim Averette
|
|
|
Batting: LHB Jordan de Jesus
|
0-0: DOUBLE (Groundball, 5L, EV 102.5 MPH)
|
|
Batting: RHB Sean Neuroth
|
0-0: Ball 1-0: Called Strike 1-1: Ground out 1-3 (Groundball, 15S, EV 61.3 MPH)
|
|
Batting: LHB Jim Skare
|
0-0: Ball 1-0: Foul Ball, location: 2F 1-1: Swinging Strike 1-2: Ball 2-2: Strikes out swinging
|
|
Batting: LHB Evan Torraville
|
0-0: Called Strike 0-1: Ball 1-1: Swinging Strike 1-2: Foul Ball, location: 2F 1-2: Strikes out swinging
|
| Top of the 1st over - 0 runs, 1 hit, 0 errors, 1 left on base; New York 0 - Montreal 0 |
| BOTTOM OF THE 1ST |
|
Montreal Expos batting - Pitching for New York Yankees : RHP John Brice
|
|
Pitching: RHP John Brice
|
|
|
Batting: SHB Bran Stark
|
0-0: Ball 1-0: Foul Ball, location: 2F 1-1: Ball 2-1: Ball 3-1: SINGLE (Groundball, 4MD, EV 108.1 MPH) (infield hit)
|
|
Batting: LHB Steve Anderson
|
0-0: Hit by Pitch Bran Stark to second
|
|
Batting: RHB Mike Salmon
|
0-0: Ball 1-0: Foul Ball, location: 2F 1-1: Foul Ball, location: 2F 1-2: Ball 2-2: Ball 3-2: Base on Balls Bran Stark to third Steve Anderson to second
|
|
Batting: RHB Hugo Bautista
|
0-0: Ball 1-0: Foul Ball, location: 2F 1-1: Ball 2-1: SINGLE (Groundball, 34, EV 110.0 MPH) (infield hit) Bran Stark scores Steve Anderson to third Mike Salmon to second
|
|
Batting: LHB Jimmy Buscemi
|
0-0: Foul Ball, location: 2F 0-1: Ball 1-1: Foul Ball, location: 2F 1-2: Grounds into double play, 4-6-3 (Groundball, 34D, EV 108.8 MPH) Steve Anderson scores Mike Salmon to third
|
|
Batting: RHB John Ham
|
0-0: Called Strike 0-1: Ball 1-1: Ball 2-1: Fly out, F8 (Flyball, 8RS, EV 93.8 MPH)
|
| Bottom of the 1st over - 2 runs, 2 hits, 0 errors, 1 left on base; New York 0 - Montreal 2 |
| TOP OF THE 2ND |
|
New York Yankees batting - Pitching for Montreal Expos : RHP Jim Averette
|
|
Batting: RHB C.J. Richerson
|
0-0: Foul Ball, location: 2F 0-1: Ground out 6-3 (Groundball, 6M, EV 89.4 MPH)
|
|
Batting: SHB Billy Durham
|
0-0: Ball 1-0: Ball 2-0: Ball 3-0: Base on Balls
|
|
Batting: LHB David Bramble
|
0-0: Ball 1-0: Swinging Strike 1-1: Fly out, F9 (Flyball, 9LM, EV 85.6 MPH)
|
|
Batting: RHB Kai Bellow
|
0-0: Ball 1-0: Ball 2-0: Ball 3-0: Called Strike 3-1: Base on Balls Billy Durham to second
|
|
Batting: RHB Russ Shambaugh
|
0-0: Ball 1-0: Bunted foul 1-1: Swinging Strike 1-2: Foul Ball, location: 2F 1-2: Ball 2-2: Foul Ball, location: 2F 2-2: Foul Ball, location: 2F 2-2: Strikes out swinging
|
| Top of the 2nd over - 0 runs, 0 hits, 0 errors, 2 left on base; New York 0 - Montreal 2 |
| BOTTOM OF THE 2ND |
|
Montreal Expos batting - Pitching for New York Yankees : RHP John Brice
|
|
Batting: RHB Nick Sharp
|
0-0: Ball 1-0: Foul Ball, location: 2F 1-1: Foul Ball, location: 2F 1-2: Ball 2-2: Ball 3-2: SINGLE (Groundball, 4S, EV 70.0 MPH) (infield hit)
|
|
Batting: RHB Danny Diaz
|
0-0: Ball 1-0: Fielders Choice at 2nd, 1-4 (Groundball, 15S, EV 71.3 MPH)
|
|
Batting: RHB Wing-kit Bu
|
0-0: Called Strike 0-1: Ball 1-1: Ball 2-1: Ball 3-1: Foul Ball, location: 2F 3-2: Foul Ball, location: 2F 3-2: Foul Ball, location: 2F 3-2: TRIPLE (Line Drive, 89XD, EV 109.4 MPH) Danny Diaz scores
|
|
Batting: SHB Bran Stark
|
0-0: SINGLE (Line Drive, 89S, EV 93.8 MPH) Wing-kit Bu scores
|
|
Batting: LHB Steve Anderson
|
0-0: Called Strike 0-1: Ball 1-1: Foul Ball, location: 2F 1-2: Ball Bran Stark steals 2nd base 2-2: Ball 3-2: Ground out 6-3 (Groundball, 6, EV 80.0 MPH) Bran Stark to third
|
|
Batting: RHB Mike Salmon
|
0-0: Called Strike 0-1: Ball 1-1: SINGLE (Groundball, 56D, EV 103.8 MPH) Bran Stark scores
|
|
Batting: RHB Hugo Bautista
|
0-0: Ball 1-0: Ball 2-0: Called Strike 2-1: Swinging Strike 2-2: Strikes out swinging
|
| Bottom of the 2nd over - 3 runs, 4 hits, 0 errors, 1 left on base; New York 0 - Montreal 5 |
| TOP OF THE 3RD |
|
New York Yankees batting - Pitching for Montreal Expos : RHP Jim Averette
|
|
Batting: LHB Jordan de Jesus
|
0-0: Called Strike 0-1: Ball 1-1: Foul Ball, location: 2F 1-2: Ground out 4-3 (Groundball, 4, EV 85.6 MPH)
|
|
Batting: RHB Sean Neuroth
|
0-0: Called Strike 0-1: Ball 1-1: SINGLE (Groundball, 6MD, EV 95.0 MPH)
|
|
Batting: LHB Jim Skare
|
0-0: Called Strike 0-1: Ball 1-1: Foul Ball, location: 2F 1-2: Ball 2-2: Grounds into double play, 4-6-3 (Groundball, 34, EV 109.4 MPH)
|
| Top of the 3rd over - 0 runs, 1 hit, 0 errors, 0 left on base; New York 0 - Montreal 5 |
| BOTTOM OF THE 3RD |
|
Montreal Expos batting - Pitching for New York Yankees : RHP John Brice
|
|
Batting: LHB Jimmy Buscemi
|
0-0: Called Strike 0-1: Ball 1-1: Ball 2-1: Ball 3-1: Fly out, F7 (Flyball, 7LM, EV 90.6 MPH)
|
|
Batting: RHB John Ham
|
0-0: Called Strike 0-1: Called Strike 0-2: Ball 1-2: Ball 2-2: Strikes out swinging
|
|
Batting: RHB Nick Sharp
|
0-0: Called Strike 0-1: Ball 1-1: SINGLE (Groundball, 6, EV 95.6 MPH)
|
|
Batting: RHB Danny Diaz
|
0-0: Ball 1-0: Called Strike 1-1: Foul Ball, location: 2F 1-2: Strikes out looking
|
| Bottom of the 3rd over - 0 runs, 1 hit, 0 errors, 1 left on base; New York 0 - Montreal 5 |
| TOP OF THE 4TH |
|
New York Yankees batting - Pitching for Montreal Expos : RHP Jim Averette
|
|
Batting: LHB Evan Torraville
|
0-0: Ball 1-0: Foul Ball, location: 2F 1-1: Fly out, F9 (Flyball, 89S, EV 82.5 MPH)
|
|
Batting: RHB C.J. Richerson
|
0-0: Foul Ball, location: 2F 0-1: Ground out U3 (Groundball, 13, EV 87.5 MPH)
|
|
Batting: SHB Billy Durham
|
0-0: DOUBLE (Line Drive, 89M, EV 93.1 MPH)
|
|
Batting: LHB David Bramble
|
0-0: Ball 1-0: Ball 2-0: Ball 3-0: Base on Balls
|
|
Batting: RHB Kai Bellow
|
0-0: Called Strike 0-1: Fly out, F8 (Flyball, 8LS, EV 83.8 MPH)
|
| Top of the 4th over - 0 runs, 1 hit, 0 errors, 2 left on base; New York 0 - Montreal 5 |
| BOTTOM OF THE 4TH |
|
Montreal Expos batting - Pitching for New York Yankees : RHP John Brice
|
|
Batting: RHB Wing-kit Bu
|
0-0: Called Strike 0-1: Called Strike 0-2: Ball 1-2: Foul Ball, location: 2F 1-2: Strikes out swinging
|
|
Batting: SHB Bran Stark
|
0-0: Called Strike 0-1: Ball 1-1: Ball 2-1: Ground out 6-3 (Groundball, 6, EV 90.0 MPH)
|
|
Batting: LHB Steve Anderson
|
0-0: SINGLE (Groundball, 4MD, EV 104.4 MPH)
|
|
Pitching: RHP Ricardo Villar
|
|
|
Batting: RHB Mike Salmon
|
0-0: Foul Ball, location: 2F 0-1: Swinging Strike 0-2: DOUBLE (Line Drive, 8RXD, EV 110.0 MPH) Steve Anderson to third
|
|
Batting: RHB Hugo Bautista
|
0-0: Ball 1-0: Called Strike 1-1: Ball 2-1: Ground out 4-3 (Groundball, 4, EV 108.1 MPH)
|
| Bottom of the 4th over - 0 runs, 2 hits, 0 errors, 2 left on base; New York 0 - Montreal 5 |
| TOP OF THE 5TH |
|
New York Yankees batting - Pitching for Montreal Expos : RHP Jim Averette
|
|
Pitching: RHP Joel Beggs
|
|
|
Batting: RHB Russ Shambaugh
|
0-0: Ball 1-0: Called Strike 1-1: SINGLE (Line Drive, 6M, EV 95.6 MPH)
|
|
Batting: LHB Jordan de Jesus
|
|
|
DELAY
|
Rain delay of 48 minutes in the 5th inning. 0-0: Fielders Choice at 2nd, 6-4 (Groundball, 6, EV 86.3 MPH)
|
|
Pinch Hitting: SHB Bartholomeu Chambino
|
0-0: Ball Jordan de Jesus steals 2nd base 1-0: Foul Ball, location: 2F 1-1: Ball 2-1: Fly out, F9 (Flyball, 9LS, EV 96.3 MPH)
|
|
Batting: LHB Jim Skare
|
0-0: Swinging Strike 0-1: Ball 1-1: Swinging Strike 1-2: Ball 2-2: Foul Ball, location: 2F 2-2: Fly out, F9 (Flyball, 9S, EV 86.9 MPH)
|
| Top of the 5th over - 0 runs, 1 hit, 0 errors, 1 left on base; New York 0 - Montreal 5 |
| BOTTOM OF THE 5TH |
|
Montreal Expos batting - Pitching for New York Yankees : RHP Ricardo Villar
|
|
Now at 3B: Bartholomeu Chambino
|
|
|
Now at SS: Jordan de Jesus
|
|
|
Batting: LHB Jimmy Buscemi
|
0-0: Swinging Strike 0-1: Ball 1-1: Ball 2-1: Called Strike 2-2: Strikes out looking
|
|
Batting: RHB John Ham
|
0-0: Ball 1-0: Ball 2-0: Ground out 6-3 (Groundball, 6, EV 87.5 MPH)
|
|
Batting: RHB Nick Sharp
|
0-0: Called Strike 0-1: Fly out, F7 (Flyball, 7LD, EV 110.0 MPH)
|
| Bottom of the 5th over - 0 runs, 0 hits, 0 errors, 0 left on base; New York 0 - Montreal 5 |
| TOP OF THE 6TH |
|
New York Yankees batting - Pitching for Montreal Expos : RHP Joel Beggs
|
|
Batting: LHB Evan Torraville
|
0-0: Fly out, F8 (Flyball, 78D, EV 91.9 MPH)
|
|
Batting: RHB C.J. Richerson
|
0-0: Ball 1-0: Foul Ball, location: 2F 1-1: Foul Ball, location: 2F 1-2: Ball 2-2: Ball 3-2: Ground out 5-3 (Groundball, 56S, EV 80.0 MPH)
|
|
Batting: SHB Billy Durham
|
0-0: Called Strike 0-1: Foul Ball, location: 2F 0-2: Ball 1-2: Ground out 1-3 (Groundball, 15S, EV 74.4 MPH)
|
| Top of the 6th over - 0 runs, 0 hits, 0 errors, 0 left on base; New York 0 - Montreal 5 |
| BOTTOM OF THE 6TH |
|
Montreal Expos batting - Pitching for New York Yankees : RHP Ricardo Villar
|
|
Batting: RHB Danny Diaz
|
0-0: Ball 1-0: Swinging Strike 1-1: Swinging Strike 1-2: Ball 2-2: Strikes out looking
|
|
Batting: RHB Wing-kit Bu
|
0-0: Ball 1-0: Foul Ball, location: 2F 1-1: Foul Ball, location: 2F 1-2: Ball 2-2: Fly out, F3 (Line Drive, 3, EV 70.0 MPH)
|
|
Batting: SHB Bran Stark
|
0-0: Ball 1-0: Ball 2-0: Called Strike 2-1: Foul Ball, location: 2F 2-2: Ball 3-2: Foul Ball, location: 2F 3-2: Base on Balls
|
|
Pinch Hitting: LHB Danny Hull
|
0-0: Ball 1-0: Called Strike Bran Stark steals 2nd base 1-1: Fly out, F5 (Line Drive, 5, EV 71.3 MPH)
|
| Bottom of the 6th over - 0 runs, 0 hits, 0 errors, 1 left on base; New York 0 - Montreal 5 |
| TOP OF THE 7TH |
|
New York Yankees batting - Pitching for Montreal Expos : RHP Joel Beggs
|
|
Now at 3B: Danny Diaz
|
|
|
Now at SS: Danny Hull
|
|
|
Batting: LHB David Bramble
|
0-0: Ball 1-0: Ball 2-0: Foul Ball, location: 2F 2-1: Foul Ball, location: 2F 2-2: Ball 3-2: Strikes out swinging, 2-3 out at first.
|
|
Batting: RHB Kai Bellow
|
0-0: Called Strike 0-1: Fly out, F7 (Flyball, 7D, EV 79.4 MPH)
|
|
Batting: RHB Russ Shambaugh
|
0-0: Called Strike 0-1: Ball 1-1: Foul Ball, location: 2F 1-2: Ball 2-2: Ball 3-2: Base on Balls
|
|
Pitching: RHP Corey Jacobson
|
|
|
Batting: LHB Jordan de Jesus
|
0-0: Called Strike 0-1: Called Strike Pickoff Throw by Catcher to First - Out!
|
| Top of the 7th over - 0 runs, 0 hits, 0 errors, 0 left on base; New York 0 - Montreal 5 |
| BOTTOM OF THE 7TH |
|
Montreal Expos batting - Pitching for New York Yankees : RHP Ricardo Villar
|
|
Batting: SHB Pete Barutha
|
0-0: Foul Ball, location: 2F 0-1: Ball 1-1: Foul Ball, location: 2F 1-2: Strikes out swinging
|
|
Batting: RHB Hugo Bautista
|
0-0: Fly out, F9 (Line Drive, 9, EV 88.8 MPH)
|
|
Pinch Hitting: RHB Jesse Basich
|
0-0: Ball 1-0: Foul Ball, location: 2F 1-1: SINGLE (Groundball, 3D, EV 101.9 MPH)
|
|
Pitching: RHP Soh Kawashima
|
|
|
Pinch Hitting: SHB Hans Mikkelsen
|
0-0: Called Strike 0-1: Called Strike 0-2: Ball 1-2: Strikes out swinging
|
| Bottom of the 7th over - 0 runs, 1 hit, 0 errors, 1 left on base; New York 0 - Montreal 5 |
| TOP OF THE 8TH |
|
New York Yankees batting - Pitching for Montreal Expos : RHP Corey Jacobson
|
|
Now at 1B: Jesse Basich
|
|
|
Now in LF: Hans Mikkelsen
|
|
|
Batting: LHB Jordan de Jesus
|
0-0: Foul Ball, location: 2F 0-1: DOUBLE (Groundball, 3L, EV 94.4 MPH)
|
|
Batting: SHB Bartholomeu Chambino
|
0-0: Called Strike 0-1: Foul Ball, location: 2F 0-2: Ball 1-2: Foul Ball, location: 2F 1-2: Foul Ball, location: 2F 1-2: Ball 2-2: Ground out 4-3 (Groundball, 4, EV 86.9 MPH) Jordan de Jesus to third
|
|
Batting: LHB Jason Peck
|
0-0: Foul Ball, location: 2F 0-1: Ball 1-1: Called Strike 1-2: Ground out 4-3 (Groundball, 34D, EV 111.9 MPH) Jordan de Jesus scores
|
|
Pinch Hitting: RHB Sam Saunders
|
0-0: Fly out, F9 (Line Drive, 9, EV 91.9 MPH)
|
| Top of the 8th over - 1 run, 1 hit, 0 errors, 0 left on base; New York 1 - Montreal 5 |
| BOTTOM OF THE 8TH |
|
Montreal Expos batting - Pitching for New York Yankees : RHP Soh Kawashima
|
|
Now in RF: Sam Saunders
|
|
|
Batting: RHB Nick Sharp
|
0-0: Foul Ball, location: 2F 0-1: Ball 1-1: Fly out, F3 (Popup, 23F, EV 91.9 MPH)
|
|
Pinch Hitting: RHB Robby Juarez
|
0-0: Called Strike 0-1: Ball 1-1: TRIPLE (Flyball, 89XD, EV 92.5 MPH)
|
|
Batting: RHB Wing-kit Bu
|
0-0: Foul Ball, location: 2F 0-1: Ball 1-1: Swinging Strike 1-2: Strikes out swinging
|
|
Batting: SHB Bran Stark
|
0-0: Intentional Walk
|
|
Batting: LHB Danny Hull
|
0-0: Called Strike 0-1: Ball Bran Stark steals 2nd base (no throw) 1-1: Ball 2-1: Fly out, F8 (Flyball, 8LD, EV 100.6 MPH)
|
| Bottom of the 8th over - 0 runs, 1 hit, 0 errors, 2 left on base; New York 1 - Montreal 5 |
| TOP OF THE 9TH |
|
New York Yankees batting - Pitching for Montreal Expos : RHP Corey Jacobson
|
|
Now at 3B: Danny Hull
|
|
|
Now at SS: Robby Juarez
|
|
|
Pinch Hitting: RHB Scott King
|
0-0: Swinging Strike 0-1: Called Strike 0-2: Ball 1-2: Ball 2-2: Ball 3-2: Foul Ball, location: 2F 3-2: Ground out U3 (Groundball, 3S, EV 65.6 MPH)
|
|
Pinch Hitting: LHB Brad Ritter
|
0-0: Called Strike 0-1: Ball 1-1: Foul Ball, location: 2F 1-2: Ground out U3 (Groundball, 3, EV 78.8 MPH)
|
|
Pinch Hitting: LHB Yao-pang Tien
|
0-0: Foul Ball, location: 2F 0-1: Fly out, F8 (Flyball, 8RD, EV 104.4 MPH)
|
| Top of the 9th over - 0 runs, 0 hits, 0 errors, 0 left on base; New York 1 - Montreal 5 |
|